 Dungeon Crawl Stone Soup version 0.23.0 (webtiles) character file.

Game seed: 7273176620154963107

48 Borgoz the Cudgeler (level 3, -5/22 HPs)
             Began as a Gargoyle Gladiator on Feb 9, 2019.
             Slain by a worm (6 damage)
             ... on level 2 of the Dungeon.
             The game lasted 00:01:25 (1272 turns).

Borgoz the Cudgeler (Gargoyle Gladiator)            Turns: 1272, Time: 00:01:26

Health: -5/22      AC:  7    Str: 17    XL:     3   Next: 72%
Magic:  3/3        EV: 12    Int:  8    God:
Gold:   43         SH:  0    Dex: 12    Spells: 2/2 levels left

rFire    . . .     SeeInvis .   a - +0 flail
rCold    . . .     Gourm    .   (no shield)
rNeg     + . .     Faith    .   b - +0 leather armour
rPois    ∞         Spirit   .   c - +0 helmet
rElec    +         Reflect  .   (no cloak)
rCorr    .         Harm     .   (no gloves)
MR       .....                  (no boots)
Stlth    +.........             (no amulet)
HPRegen  0.07/turn              (no ring)
MPRegen  0.08/turn              (no ring)

@: no status effects
A: negative energy resistance 1, electricity resistance, unbreathing,
petrification resistance, rot immunity, AC +3
a: no special abilities


You were on level 2 of the Dungeon.
You were not hungry.

You visited 1 branch of the dungeon, and saw 2 of its levels.

You collected 43 gold pieces.

Inventory:

Hand Weapons
 a - a +0 flail (weapon)
Missiles
 d - 3 throwing nets (quivered)
Armour
 b - a +0 leather armour (worn)
 c - a +0 helmet (worn)
Scrolls
 g - 2 scrolls of enchant weapon {unknown}
 h - 2 scrolls of random uselessness {unknown}
 i - 5 scrolls of identify {unknown}
 m - a scroll of enchant armour {unknown}
Potions
 e - 3 potions of flight {unknown}
 j - a potion of mutation {unknown}
 k - a potion of haste {unknown}
 l - 2 potions of curing {unknown}
 n - a potion of resistance {unknown}
Comestibles
 f - 3 rations


   Skills:
 + Level 2.8 Fighting
 + Level 3.4 Maces & Flails
 - Level 1.7 Throwing
 + Level 1.5 Armour
 + Level 2.8 Dodging


You had 2 spell levels left.
You didn't know any spells.
Your spell library was empty.

Dungeon Overview and Level Annotations

Branches:
Dungeon (2/15)

Altars:


Innate Abilities, Weirdness & Mutations

You are resistant to torment.
Your stone body is resilient. (AC +3)
You are immune to poison.
You resist negative energy. (rN+)
You are resistant to electric shocks. (rElec)
You can survive without breathing.
You are immune to petrification.
You are immune to rotting.


Message History

Things that are here:
a rat corpse; a quokka corpse You hit the worm.
The worm is lightly wounded.
The worm bites you!
* * * LOW HITPOINT WARNING * * *
You are too injured to fight recklessly!
You are too injured to fight recklessly!
You barely miss the worm. You sock the worm!
The worm is moderately wounded.
A hobgoblin comes into view. It is wielding a +0 club.
The worm bites you.
* * * LOW HITPOINT WARNING * * *
The hobgoblin shouts!
You sock the worm!
The worm is almost dead.
You hear a bark! x2
The worm bites you.
You die...

#......# ##..........
#####..##....).......#
#.............(......
#...###.###.....##.....
....# #..# ..# #.....
#########..##...#
#...[. #...........#
#.......
...####.#........)##...
#.@†.........# #..#
#w.......?... #.#
............ #..
##........... ...
............
.............
......g...##..
..........#.


You could see a worm and a hobgoblin.

Vanquished Creatures
  An ooze (D:1)
  A worm (D:2)
  2 leopard geckos
  2 giant cockroaches
  4 goblins (D:1)
  6 hobgoblins
  3 jackals (D:1)
  3 kobolds
  2 quokkas (D:2)
  4 bats (D:1)
  A frilled lizard (D:1)
  5 rats
34 creatures vanquished.

Vanquished Creatures (others)
  7 toadstools (D:1)
7 creatures vanquished.

Grand Total: 41 creatures vanquished

Notes
Turn   | Place    | Note
-------+----------+-------------------------------------------
     0 | D:1      | Borgoz the Gargoyle Gladiator began the quest for the Orb.
     0 | D:1      | Reached XP level 1. HP: 12/12 MP: 1/1
   197 | D:1      | Reached XP level 2. HP: 12/18 MP: 2/2
   644 | D:1      | Reached skill level 1 in Armour
   821 | D:1      | Reached XP level 3. HP: 22/22 MP: 3/3
  1271 | D:2      | HP: 1/22 [worm (5)]
  1272 | D:2      | Slain by a worm

Skill      XL: |  1  2 |
---------------+-------+-----
Armour         | 1 |  1.5
Fighting       | |  2.8
Maces & Flails | |  3.4
Throwing       | |  1.7
Dodging        | |  2.8

Action                   || total
-------------------------++-------
Melee: Flail             ||   124
  Eat: Chunk             ||     1
Armor: Leather armour    ||    62
Dodge: Dodged            ||   132
